 Seeded DCSS version 0.29.1-12-g30fa7ad0bf (webtiles) character file.

Game seed: 13909063794444404412 (custom seed)

3983 sanboga the Severer (level 10, -4/88 HPs)
             Began as a Minotaur Berserker on Jan 13, 2023.
             Was an Elder of Trog.
             Slain by a sixfirhy (10 damage)
             ... summoned by an orc high priest
             ... in a bailey.
             The game lasted 00:09:50 (6356 turns).

sanboga the Severer (Minotaur Berserker)            Turns: 6356, Time: 00:09:51

Health: -4/88      AC: 15    Str: 30    XL:     10   Next: 2%
Magic:  9/9        EV:  9    Int:  9    God:    Trog [****..]
Gold:   193        SH:  0    Dex: 13    Spells: 9/9 levels left

rFire   . . .      SeeInvis .   p - +0 hand axe (vamp)
rCold   . . .      Faith    .   (no shield)
rNeg    . . .      Spirit   .   e - +0 chain mail {rPois}
rPois   +          Reflect  .   (helmet restricted)
rElec   .          Harm     .   c - scarf {repulsion}
rCorr   .          Rampage  .   x - +2 pair of gloves of Peev {Str+4}
Will    .....                   k - +0 pair of boots
Stlth   ..........              (no amulet)
HPRegen 0.24/turn               z - +6 ring of intelligence
MPRegen 0.11/turn               (no ring)

@: on berserk cooldown, slowed, repel missiles, very slow
A: horns 2, retaliatory headbutt, agile 1
a: Renounce Religion, Berserk, Trog's Hand, Brothers in Arms


You were in a bailey.
You worshipped Trog.
Trog was greatly pleased with you.
You visited 1 branch of the dungeon, and saw 7 of its levels.
You also visited: Ossuary and Bailey.

You collected 490 gold pieces.
You spent 297 gold pieces at shops.

Inventory:

Hand Weapons
 l - a +1 war axe
 p - a +0 vampiric hand axe (weapon)
 t - a +0 battleaxe
Armour
 c - a scarf of repulsion (worn)
 e - a +0 chain mail of poison resistance (worn)
 k - a +0 pair of boots (worn)
 x - the +2 pair of gloves of Peev (worn) {Str+4}
   (You bought it in a shop on level 2 of the Dungeon)

   Str:       It affects your strength (+4).
Jewellery
 z - a +6 ring of intelligence (left hand)
Wands
 n - a wand of roots (10)
 o - a wand of flame (40)
 A - a wand of light (13)
Scrolls
 b - a scroll of blinking {unknown}
 g - 3 scrolls of silence {unknown}
 h - 3 scrolls of vulnerability {unknown}
 i - 5 scrolls of teleportation {unknown}
 q - a scroll of enchant weapon
 s - 2 scrolls of noise {unknown}
 v - a scroll of amnesia
 w - 3 scrolls of enchant armour {unknown}
 y - 2 scrolls of fear
Potions
 a - 2 potions of mutation
 d - 3 potions of might
 f - 12 potions of curing
 j - 3 potions of ambrosia
 m - 2 potions of heal wounds
 r - a potion of resistance
 u - a potion of magic {unknown}


   Skills:
 + Level 7.7 Fighting
 * Level 16.8 Axes
 + Level 7.1 Armour
 - Level 2.1 Dodging


You had 9 spell levels left.
You didn't know any spells.
Your spell library was empty.

Dungeon Overview and Level Annotations

Branches:
Dungeon (7/15)             Temple (0/1) D:6         Ossuary (visited)
 Bailey (1/1)

Altars:
Kikubaaqudgha
Sif Muna

Shops:
D:2 *


Innate Abilities, Weirdness & Mutations

You have a pair of horns on your head.
You reflexively headbutt those who attack you in melee.
You are agile. (Dex +4, Str/Int -1)


Message History

An orc high priest comes into view. It is wielding a +0 war axe.
Things that are here:
a +0 hand axe; a +0 ring mail; an orc corpse You feel a strong urge to attack something.
Found a gate leading back out of this place.
You are no longer berserk.
You are exhausted.
You feel yourself slow down.
The orc high priest hits you with a +0 war axe.
You hit the orc high priest.
You feel better.
Your headbutt misses the orc high priest.
The orc high priest is lightly wounded.
The orc high priest intones a terrible prayer.
The orc high priest utters an invocation to Beogh.
You hit the orc high priest but do no damage.
The orc high priest hits you with a +0 war axe.
You closely miss the orc high priest.
The orc high priest mumbles some strange prayers to Beogh against you.
Beogh smites you!
You hit the orc high priest.
The orc high priest is lightly wounded.
The orc high priest utters an invocation to Beogh.
You hit the orc high priest.
The orc high priest is lightly wounded.
You slash the sixfirhy! The sixfirhy hits you. The sixfirhy shocks you!
The sixfirhy closely misses you. You furiously retaliate!
You headbutt the sixfirhy.
The red devil hits you but does no damage.
You are electrocuted!!
The sixfirhy barely misses you.
The orc high priest hits you with a +0 war axe!
You barely miss the orc high priest.
The orc high priest is lightly wounded.
You closely miss the sixfirhy. The sixfirhy hits you.
* * * LOW HITPOINT WARNING * * *
The sixfirhy shocks you!
* * * LOW HITPOINT WARNING * * *
The sixfirhy hits you!
* * * LOW HITPOINT WARNING * * *
The sixfirhy shocks you!
You die...

#### #..+
#+#..##############
#...)'....)#.......
#3@.)#....[).8.8.8.
#o##############...
≈44 #... ≈≈≈~. #...
≈≈≈≈≈~. ####
≈≈≈≈≈~. #.. ≈≈≈≈≈~.
#.. ≈≈≈≈≈~∩ #.. #..


You could see an orc high priest, a hellwing (summoned), a sixfirhy (summoned)
and a red devil (summoned).

Vanquished Creatures
  2 vampire mosquitoes (D:6)
  Menkaure (D:4)
  A hornet zombie (Ossuary)
  An ice beast (D:6)
  3 ogres
  4 orc warriors (Bailey)
  A centaur (D:7)
  2 phantoms
  5 bullfrogs (D:6)
  3 necrophages
  2 wyvern zombies (Ossuary)
  A scorpion (D:4)
  3 water moccasin zombies (Ossuary)
  2 electric eels (D:3)
  3 bullfrog zombies (Ossuary)
  4 centaur zombies (Ossuary)
  2 hounds
  3 orc priests
  4 iguanas
  5 jellies
  Natasha (thrice) (D:2)
  4 orc wizards
  5 killer bee zombies (Ossuary)
  12 mummies (Ossuary)
  A howler monkey zombie (Ossuary)
  10 adders
  11 gnolls
  4 ufetubi
  3 worms (D:2)
  2 dart slugs (D:1)
  24 orcs
  9 ball pythons
  10 bats
  9 endoplasms
  3 giant cockroaches
  12 goblins
  4 hobgoblins
  2 jackals (D:4)
  11 kobolds
  2 quokkas
  2 frilled lizards
  10 rats
205 creatures vanquished.

Vanquished Creatures (others)
  3 plants
  7 withered plants (Ossuary)
10 creatures vanquished.

Grand Total: 215 creatures vanquished

Notes
Turn   | Place    | Note
-------+----------+-------------------------------------------
     0 | D:1      | sanboga the Minotaur Berserker began the quest for the Orb.
     0 | D:1      | Reached XP level 1. HP: 19/19 MP: 0/0
   135 | D:1      | Reached skill level 4 in Axes
   139 | D:1      | Reached XP level 2. HP: 27/27 MP: 1/1
   439 | D:1      | Reached XP level 3. HP: 33/33 MP: 2/2
   445 | D:1      | Reached ** piety under Trog
   887 | D:2      | Found Ucliamep's Assorted Antiques.
  1037 | D:2      | Bought a bubbling clear potion for 21 gold pieces
  1037 | D:2      | Bought a scroll labelled RASTEASOYB for 24 gold pieces
  1037 | D:2      | Bought a scroll labelled GAYGHAOTAKK for 24 gold pieces
  1245 | D:2      | Reached skill level 5 in Axes
  1245 | D:2      | Reached XP level 4. HP: 41/41 MP: 3/3
  1417 | D:2      | Noticed Natasha
  1420 | D:2      | Killed Natasha
  1458 | D:2      | Noticed Natasha
  1470 | D:2      | Killed Natasha
  1471 | D:2      | Reached XP level 5. HP: 40/47 MP: 4/4
  1640 | D:2      | Found a faded altar of an unknown god.
  1844 | D:2      | Noticed Natasha
  1855 | D:2      | Killed Natasha
  1895 | D:3      | Found a transporter.
  1938 | D:3      | Reached skill level 6 in Axes
  1944 | D:3      | Reached skill level 5 in Fighting
  2055 | D:3      | Found a transporter.
  2067 | D:3      | Gained mutation: You are agile. (Dex +4, Str/Int -1)
                  | [potion of mutation]
  2068 | D:3      | Reached skill level 15 in Axes
  2068 | D:3      | Reached XP level 6. HP: 56/56 MP: 5/5
  2254 | D:3      | Reached XP level 7. HP: 61/61 MP: 6/6
  2391 | D:3      | Found an ancient bone altar of Kikubaaqudgha.
  2692 | D:4      | Reached *** piety under Trog
  2717 | D:4      | Found a sand-covered staircase.
  2732 | Ossuary  | Entered an ossuary
  2879 | Ossuary  | Reached skill level 5 in Armour
  2880 | Ossuary  | Reached XP level 8. HP: 57/70 MP: 7/7
  3377 | D:2      | Bought a pair of warped gloves for 228 gold pieces
  3377 | D:2      | Identified the +2 pair of gloves of Peev {Str+4} (You
                  | bought it in a shop on level 2 of the Dungeon)
  3472 | D:4      | Noticed Menkaure
  3482 | D:4      | Killed Menkaure
  3992 | D:5      | Entered Level 5 of the Dungeon
  4206 | D:5      | Reached **** piety under Trog
  4212 | D:5      | Reached XP level 9. HP: 78/78 MP: 8/8
  4329 | D:5      | Reached skill level 16 in Axes
  4803 | D:5      | Found a shimmering blue altar of Sif Muna.
  4947 | D:6      | Found a staircase to the Ecumenical Temple.
  6222 | D:7      | Found a flagged portal.
  6237 | Bailey   | Entered a bailey
  6347 | Bailey   | Reached XP level 10. HP: 86/86 MP: 9/9
  6348 | Bailey   | Noticed an orc high priest
  6355 | Bailey   | Noticed a sixfirhy
  6356 | Bailey   | Slain by a sixfirhy

Illustrated notes

Levels and vault maps discovered:
D:1:      dpeg_arrival_three_same_balls, layout_loops_ring, serial_bayou_pond_d
D:2:      layout_basic, serial_shops, shop_coins, serial_aquarium,
          aquarium_bridge_square [aquarium_subvault_wall,
          aquarium_subvault_bridge, aquarium_subvault_balcony,
          aquarium_subvault_wall], aquarium_window_corridor_3,
          aquarium_window_2, aquarium_window_1, aquarium_window_fake,
          aquarium_view_2a, aquarium_view_2a, aquarium_pool_four,
          hellmonk_ecumenical_altar_defaced_shrine, uniq_natasha
D:3:      gammafunk_steamed_eel, layout_loops_cross,
          nicolae_kikubaaqudgha_miasma_corner, kennysheep_decorative_pillar,
          hangedman_abyss_or_decor_lesser_grid, kennysheep_nondescript
D:4:      layout_rooms, enter_ossuary_3, nicolae_concentric_dashed_squares_mild,
          uniq_menkaure
D:5:      layout_loops_ring, led_sif_pool, nicolae_figureground_pulse
D:6:      minmay_razor_zed, layout_basic, minmay_temple_entry_large_hall
D:7:      layout_loops_cross, makhleb_grotto_becter, enter_bailey_4, st_stairs_8
Bailey:   bailey_axe_of_yendor_kennysheep, bailey

Skill      XL: |  1  2  3  4  5  6  7  8  9 |
---------------+----------------------------+-----
Axes           | 4 5 15 16 | 16.8
Fighting       | 4 5 6 7 |  7.7
Armour         | 3 4 5 7 |  7.1
Dodging        | |  2.1

Action                   |  1- 3 |  4- 6 |  7- 9 | 10-12 || total
-------------------------+-------+-------+-------+-------++-------
Melee: Hand axe          |    94 |    54 |   131 |     7 ||   286
       Headbutt          |    11 |     9 |    71 |     1 ||    92
       Punch             |       |     1 |     8 |       ||     9
       War axe           |       |       |   232 |       ||   232
Invok: Berserk           |       |     1 |     4 |       ||     5
Evoke: Wand              |       |     3 |       |       ||     3
  Use: Scroll            |     3 |     1 |    10 |       ||    14
       Potion            |       |     2 |       |       ||     2
Armor: Animal skin       |    10 |       |       |       ||    10
       Chain mail        |    22 |    24 |   154 |     1 ||   201
Dodge: Dodged            |    56 |    14 |   142 |     2 ||   214
       Repelled          |       |       |     2 |       ||     2
